 Dungeon Crawl Stone Soup version 0.27.1 (webtiles) character file.

Game seed: 11273522659776101675

3 speeev33 the Skirmisher (level 1, 14/20 HPs)
             Began as a Hill Orc Fighter on Sept 4, 2021.
             Was a Follower of Cheibriados.
             Quit the game on level 1 of the Dungeon.
             The game lasted 00:00:23 (38 turns).

speeev33 the Skirmisher (Hill Orc Fighter)            Turns: 38, Time: 00:00:23

Health: 14/20      AC:  6    Str: 20    XL:     1   Next: 50%
Magic:  1/1        EV:  7    Int: 10    God:    Cheibriados [*.....]
Gold:   0          SH:  9    Dex: 12    Spells: 0/0 levels left

rFire    . . .     SeeInvis .   a - +0 war axe
rCold    . . .     Faith    .   c - +0 kite shield
rNeg     . . .     Spirit   .   b - +0 scale mail
rPois    .         Reflect  .   (no helmet)
rElec    .         Harm     .   (no cloak)
rCorr    .         Rampage  .   (no gloves)
Will     .....                  (no boots)
Stlth    ..........             (no amulet)
HPRegen  0.06/turn              (no ring)
MPRegen  0.07/turn              (no ring)

@: very slow
A: no striking features
a: Renounce Religion, Bend Time


You were on level 1 of the Dungeon.
You worshipped Cheibriados.
Cheibriados was aware of your devotion.
You visited 1 branch of the dungeon, and saw 1 of its levels.

Inventory:

Hand Weapons
 a - a +0 war axe (weapon)
Armour
 b - a +0 scale mail (worn)
 c - a +0 kite shield (worn)
Potions
 d - a potion of might


   Skills:
 + Level 3.7 Fighting
 + Level 2.8 Axes
 - Level 3.2 Armour
 + Level 3.3 Shields


You couldn't memorise any spells.
You didn't know any spells.
Your spell library was empty.

Dungeon Overview and Level Annotations

Branches:
Dungeon (1/15)

Altars:
Cheibriados


Message History

The ball python hisses angrily.
You closely miss the ball python. You block the ball python's attack. x2
The ball python barely misses you. The ball python grabs you.
The ball python constricts you.
A hobgoblin comes into view.
The hobgoblin shouts!
You slash the ball python!
You kill the ball python!
Found a scroll labelled MYNIOL NEPROFF.
You see here a ball python corpse.
The hobgoblin hits you but does no damage.
You hit the hobgoblin.
The hobgoblin is moderately wounded.
The hobgoblin closely misses you.
The hobgoblin hits you but does no damage.
You closely miss the hobgoblin.
The hobgoblin is lightly wounded.
You block the hobgoblin's attack.
You closely miss the hobgoblin.
The hobgoblin is lightly wounded.
The hobgoblin hits you but does no damage.
You block the hobgoblin's attack.
You hit the hobgoblin.
The hobgoblin is heavily wounded.
You block the hobgoblin's attack. The hobgoblin hits you.
You closely miss the hobgoblin.
The hobgoblin is heavily wounded.
The hobgoblin hits you.
You slash the hobgoblin!
You kill the hobgoblin!
There is a faded altar of an unknown god here.
You see here a +0 dagger.
You cannot tell which god this altar belongs to.
Convert to them anyway?
Cheibriados accepts your prayer! Cheibriados welcomes you!
Cheibriados begins to support your attributes as your movement slows.
You can now bend time to slow others.
Cheibriados is now slowing the effects of poison on you.
Cheibriados raises the support of your attributes as your movement slows.
Are you sure you want to abandon this character and quit the game? (Confirm with "yes".)

. .#### . ...#### #####
## #. #....# #...# #.
#. ###....# #.^.# #.
#.##......###...###.
##...................
##.....†...†..........
#....@................
#............###...###.
#.?...........# #.^.#
#. +.............#
#...# #.
#.........##### #####
## .........##
#.#.....## #.##...##


There were no monsters in sight!

Vanquished Creatures
  A ball python (D:1)
  A hobgoblin (D:1)
  A bat (D:1)
3 creatures vanquished.

Notes
Turn   | Place    | Note
-------+----------+-------------------------------------------
     0 | D:1      | speeev33 the Hill Orc Fighter began the quest for the Orb.
     0 | D:1      | Reached XP level 1. HP: 19/19 MP: 1/1
    17 | D:1      | Found a faded altar of an unknown god.
    37 | D:1      | Became a worshipper of Cheibriados the Contemplative
    37 | D:1      | Reached * piety under Cheibriados
    38 | D:1      | Quit the game

Illustrated notes

Levels and vault maps discovered:
D:1:      minmay_arrival_hallway, layout_loops_corners,
          ebering_ecumenical_altar_sacrificial, serial_bayou_pond_d

Action                   || total
-------------------------++-------
Melee: War axe           ||    11
Armor: Scale mail        ||     3
Dodge: Dodged            ||     3
Block: Kite shield       ||     8
